 Dungeon Crawl Stone Soup version 0.25.0-9-g26727b657a (webtiles) character file.

Game seed: 3805600080757782236

124833 Peloso the Hoplite (level 16, -12/146 HPs)
             Began as a Minotaur Fighter on June 20, 2020.
             Was the Champion of Okawaru.
             Killed from afar by Bai Suzhen (56 damage)
             ... with a torrent of water
             ... on level 3 of the Shoals.
             The game lasted 01:35:42 (32982 turns).

Peloso the Hoplite (Minotaur Fighter)              Turns: 32982, Time: 01:35:43

Health: -12/146    AC: 32    Str: 34    XL:     16   Next: 40%
Magic:  17/17      EV: 17    Int: 10    God:    Okawaru [******]
Gold:   1852       SH: 30    Dex: 16    Spells: 15/15 levels left

rFire    . . .     SeeInvis +   b - +1 scimitar (flame)
rCold    . . .     Gourm    .   c - +2 tower shield {reflect}
rNeg     + . .     Faith    .   g - +11 chain mail of the Iron City of Dis {rPois rN+ Int+5 Dex-3}
rPois    +         Spirit   .   Y - +1 hat {SInv}
rElec    .         Reflect  +   T - +0 cloak {rPois}
rCorr    .         Harm     .   z - +2 pair of gloves {Str+3}
MR       +....                  (no boots)
Stlth    +.........             G - amulet of regeneration
HPRegen  0.74/turn              R - +6 ring of dexterity
MPRegen  0.15/turn              E - +6 ring of strength

@: mighty, heroism, mesmerised, very slow
A: retaliatory headbutt, horns 2
a: Heroism, Finesse, Renounce Religion


You were on level 3 of the Shoals.
You worshipped Okawaru.
Okawaru was exalted by your worship.
You were not hungry.

You visited 5 branches of the dungeon, and saw 27 of its levels.
You also visited: Gauntlet and Volcano.

You collected 3181 gold pieces.
You spent 1329 gold pieces at shops.

Inventory:

Hand Weapons
 a - a +1 vampiric falchion
 b - a +1 scimitar of flaming (weapon)
Armour
 c - a +2 tower shield of reflection (worn)
 g - the +11 chain mail of the Iron City of Dis (worn) {rPois rN+ Int+5 Dex-3}
   (You found it on level 1 of the Lair of Beasts)

   It affects your intelligence (+5).
   It affects your dexterity (-3).
   It protects you from poison.
   It protects you from negative energy.
 x - cursed +0 ice dragon scales
 z - a +2 pair of gloves of strength (worn)
 I - +0 acid dragon scales
 L - the +3 kite shield "Unaum" {*Drain rN+ Str+5}
   (Okawaru gifted it to you on level 1 of the Shoals)

   It affects your strength (+5).
   It protects you from negative energy.
   It causes draining when unequipped.
 T - a +0 cloak of poison resistance (worn)
 Y - a +1 hat of see invisible (worn)
Jewellery
 y - an uncursed amulet of the acrobat
 C - an uncursed ring of protection from magic
 E - a +6 ring of strength (right hand)
 G - an amulet of regeneration (around neck)
 M - an uncursed ring of protection from cold
 O - a cursed -4 ring of evasion
 R - a +6 ring of dexterity (left hand)
 X - a +6 ring of strength
Wands
 o - a wand of paralysis (8)
 v - a wand of polymorph (5)
 A - a wand of acid (11)
 F - a wand of flame (10)
 H - a wand of digging (5)
Scrolls
 e - 7 scrolls of identify
 l - 13 scrolls of teleportation
 m - 4 scrolls of magic mapping
 n - 3 scrolls of fog
 p - a scroll of enchant weapon
 q - a scroll of torment {unknown}
 s - 2 scrolls of blinking
 u - 9 scrolls of remove curse
 w - a scroll of acquirement {unknown}
 B - a scroll of amnesia
 J - 2 scrolls of noise
 K - a scroll of silence {unknown}
 N - 3 scrolls of fear
 P - a scroll of holy word
 Z - 2 scrolls of enchant armour
Potions
 d - 2 potions of might
 h - 2 potions of heal wounds
 i - 2 potions of mutation
 j - 3 potions of berserk rage
 k - 2 potions of cancellation {unknown}
 r - 5 potions of flight
 t - 3 potions of resistance
 D - 11 potions of curing
 Q - a potion of stabbing
 U - a potion of ambrosia {unknown}
 V - 4 potions of haste
 W - a potion of brilliance
Comestibles
 f - 30 rations
 S - 4 chunks of flesh


   Skills:
 + Level 14.0(19.0) Fighting
   Level 0.3(15.0) Short Blades
 + Level 16.0(21.0) Long Blades
 + Level 14.2(19.2) Armour
 + Level 6.4(11.4) Dodging
 + Level 2.3(7.3) Stealth
 + Level 21.2(26.2) Shields
 + Level 3.8 Invocations
 + Level 1.2 Evocations


You had 15 spell levels left.
You didn't know any spells.
Your spell library contained the following spells:

 Spells                   Type           Power        Failure   Level  Hunger
 Apportation              Tloc           #.....       67%         1    ##.....
 Beastly Appendage        Tmut           #.....       67%         1    ##.....
 Infusion                 Chrm           #...         67%         1    ##.....
 Sandblast                Erth           #.....       67%         1    ##.....
 Sting                    Tmut/Pois      #...         67%         1    ##.....
 Summon Butterflies       Summ           #.......     67%         1    ##.....
 Corpse Rot               Necr/Air       N/A          80%         2    ###....
 Passwall                 Tmut/Erth      #.......     80%         2    ###....
 Poisonous Vapours        Pois/Air       #.....       80%         2    ###....
 Shroud of Golubria       Chrm/Tloc      #.....       80%         2    ###....
 Song of Slaying          Chrm           #.......     80%         2    ###....
 Sticks to Snakes         Tmut           #.......     80%         2    ###....
 Gell's Gravitas          Tloc           #.........   95%         3    ####...
 Ignite Poison            Fire/Tmut/Pois #.......     95%         3    ####...
 Lesser Beckoning         Tloc           #.........   95%         3    ####...
 Mephitic Cloud           Conj/Pois/Air  #.......     95%         3    ####...
 Ozocubu's Armour         Chrm/Ice       #.......     95%         3    ####...
 Recall                   Summ/Tloc      N/A          95%         3    ####...
 Spectral Weapon          Hex/Chrm       #.......     95%         3    ####...
 Spider Form              Tmut/Pois      #.........   95%         3    ####...
 Static Discharge         Conj/Air       #.......     95%         3    ####...
 Stone Arrow              Conj/Erth      #.....       95%         3    ####...
 Teleport Other           Tloc           #.......     95%         3    ####...
 Tukima's Dance           Hex            #.......     95%         3    ####...
 Dispel Undead            Necr           #.......     100%        4    #####..
 Ice Form                 Ice/Tmut       #.......     100%        4    #####..
 Iskenderun's Mystic Bla  Conj/Tloc      #.......     100%        4    #####..
 Olgreb's Toxic Radiance  Pois           #.......     100%        4    #####..
 Petrify                  Tmut/Erth      #.......     100%        4    #####..
 Alistair's Intoxication  Tmut/Pois      #.......     100%        5    ######.
 Blade Hands              Tmut           #.........   100%        5    ######.
 Borgnjor's Vile Clutch   Necr/Erth      #.........   100%        5    ######.
 Lee's Rapid Deconstruct  Erth           #.........   100%        5    ######.
 Lightning Bolt           Conj/Air       #.........   100%        5    ######.
 Summon Forest            Summ/Tloc      #.........   100%        5    ######.
 Dispersal                Tloc           #.........   100%        6    #######
 Eringya's Noxious Bog    Tmut/Pois      #.........   100%        6    #######
 Hydra Form               Tmut           #.........   100%        6    #######
 Invisibility             Hex            #.......     100%        6    #######
 Summon Hydra             Summ           #.........   100%        7    #######
 Controlled Blink         Tloc           N/A          100%        8    #######
 Ignition                 Fire           #.........   100%        8    #######
 Shatter                  Erth           #.........   100%        9    #######
 Tornado                  Air            #.........   100%        9    #######


Dungeon Overview and Level Annotations

Branches:
Dungeon (15/15)            Temple (1/1) D:6            Lair (6/6) D:9
 Shoals (3/4) Lair:2        Snake (0/4) Lair:2        Slime (0/5) Lair:6
    Orc (2/2) D:10            Elf (0/3) Orc:2        Vaults (0/5) D:13
 Depths (0/5) D:15        Volcano (visited)         Gauntlet (visited)

Altars:
Ashenzari
Cheibriados
Dithmenos
Gozag
Kikubaaqudgha
Makhleb
Nemelex Xobeh
Okawaru
Qazlal
Ru
Sif Muna
Trog
Vehumet
Wu Jian
Xom
Yredelemnul
Beogh
Jiyva

Shops:
D:4 !?   D:9 %?%   D:11 *!!=   D:15 %   Orc:2 ***}

Portals:
Abyss: Orc:1

Annotations:
D:5 serve dig
Shoals:3 Bai Suzhen
Orc:1 2 transporters, jeanjacques's ghost, novice DDBe


Innate Abilities, Weirdness & Mutations

You reflexively headbutt those who attack you in melee.
You have a pair of horns on your head.


Message History

The four-headed hydra bites you but does no damage.
You block the four-headed hydra's attack.
The four-headed hydra bites you but does no damage. x2
The merfolk siren chants its luring song.
Your unstable footing causes you to fumble your attack.
You block the hippogriff's attack. x3; The eight-headed hydra misses you.
You furiously retaliate!
You headbutt the eight-headed hydra! The eight-headed hydra bites you.
The eight-headed hydra bites you but does no damage.
The eight-headed hydra barely misses you.
The eight-headed hydra bites you.
* * * LOW HITPOINT WARNING * * *
The eight-headed hydra completely misses you.
The eight-headed hydra bites you but does no damage.
The eight-headed hydra completely misses you.
You hit Bai Suzhen but do no damage. Your headbutt misses Bai Suzhen.
Bai Suzhen is almost dead.
Bai Suzhen breathes water at you. The torrent of water hits you!!!
You die...

#...........! ..≈
##....>.....# ...≈≈≈≈
#.....(....###...≈≈≈≈≈≈
P...........#...≈≈≈≈≈≈≈
......$).....m..≈≈≈≈≈.≈≈..#
##......(......≈≈≈≈≈≈.≈≈..###
#........§≈§.≈≈≈≈≈≈≈≈≈≈≈..(.
#........§DHD≈≈≈≈≈≈≈..≈≈≈≈≈≈
....≈≈≈...≈D@≈≈(≈≈≈≈≈≈.≈≈≈≈≈≈
...≈≈≈≈≈≈≈≈≈≈≈≈≈≈≈≈≈≈≈≈≈≈≈.≈≈
≈≈≈≈≈≈≈≈≈≈≈≈.....≈≈≈≈≈≈≈≈....
≈≈≈≈≈≈≈≈≈≈≈....)..≈≈≈≈≈≈...(.
≈≈≈≈≈≈≈≈≈≈)≈....)≈≈≈≈..≈.≈...
≈≈≈≈≈≈≈≈≈≈≈.#####.≈≈≈...##...
≈≈≈≈≈≈≈≈≈≈.## ##.≈≈...###..
≈≈≈≈≈≈≈≈≈≈≈.# #....≈.##...
≈≈≈≈≈≈≈≈≈≈..## ####...# #..


You could see Bai Suzhen (catching breath), an eight-headed hydra (summoned), a
four-headed hydra (summoned), a hippogriff and a merfolk siren (mesmerising).

Vanquished Creatures
  Rupert (Orc:2)
  Jorgrun (D:14)
  4 krakens (Shoals:2)
  An orc warlord (Orc:1)
  Nessos (Orc:2)
  A minotaur (Gauntlet)
  A dire elephant (D:15)
  2 merfolk javelineers
  2 merfolk impalers (Shoals:3)
  Josephine (Shoals:1)
  2 fire dragons
  Erolcha (D:13)
  Harold (Lair:1)
  5 hydras
  2 vault guards (D:13)
  4 centaur warriors
  A catoblepas (Lair:6)
  A death knight (D:11)
  A merfolk aquamancer (Shoals:1)
  A merfolk avatar (Shoals:2)
  6 two-headed ogres
  A satyr (Shoals:2)
  A tengu warrior (D:14)
  9 death yaks
  A deep troll shaman (Lair:6)
  A soul eater (Gauntlet)
  4 skeletal warriors (D:11)
  9 sea snakes
  An unseen horror (D:15)
  2 wizards (D:13)
  A lindwurm (Orc:1)
  A necromancer (D:13)
  7 harpies (Shoals:2)
  Pikel (D:8)
  A wolf spider zombie (D:15)
  9 orc knights (Orc:2)
  A wolf spider (D:15)
  3 salamanders (Volcano)
  3 cyclopes
  7 fauns
  5 manticores
  The ghost of MordorOrchid the Chiller, a novice OpIE (D:6)
  12 ugly things
  4 merfolk sirens
  A water nymph (Shoals:1)
  Maurice (D:12)
  A torpor snail (Lair:3)
  7 elephants
  2 centaur skeletons
  3 black mambas
  4 gargoyles
  Joseph (D:7)
  A kobold demonologist (D:13)
  5 spiny frogs
  An ice devil (Gauntlet)
  A redback zombie (D:15)
  A tengu conjurer (D:14)
  4 komodo dragons
  2 efreet
  3 rime drakes
  4 harpy zombies (Shoals:3)
  4 hornets
  A wind drake (Shoals:2)
  14 merfolk
  A polar bear (Lair:6)
  6 trolls
  9 blink frogs
  5 dream sheep (Lair:5)
  10 hippogriffs
  2 snapping turtles (Shoals:1)
  7 water elementals
  6 fire bats (Volcano)
  12 wyverns
  19 humans (D:13)
  6 wraiths
  A hog (shapeshifter) (D:14)
  23 yaks
  4 basilisks
  3 fire elementals (Gauntlet)
  3 steam dragons (Volcano)
  A hungry ghost (D:9)
  7 wargs (Orc:2)
  A warg (shapeshifter) (D:14)
  8 nagas (Lair:2)
  2 soldier ants
  2 acid dragons
  3 hell hounds (Gauntlet)
  10 water moccasins
  50 orc warriors
  5 porcupines
  A black bear (Lair:6)
  2 sky beasts
  3 eyes of draining
  4 ice beasts
  2 phantoms
  12 wolves
  16 ogres
  8 crocodiles
  7 centaurs
  4 big kobolds
  2 hippogriff zombies (Shoals:3)
  14 bullfrogs
  2 scorpions
  2 wyvern skeletons
  3 killer bees (D:10)
  A howler monkey (D:8)
  6 wights
  2 electric eels
  10 crimson imps
  A gnoll shaman (Orc:2)
  2 centaur zombies
  5 jellies
  2 bullfrog skeletons
  3 hounds
  15 orc priests
  A bullfrog zombie (D:6)
  Jessica (D:2)
  4 iguanas
  29 orc wizards
  10 worker ants
  2 hound skeletons
  A worker ant zombie (D:9)
  3 gnolls (Orc:2)
  6 adders
  A howler monkey skeleton (D:4)
  7 shadow imps
  2 white imps (Gauntlet)
  An ooze (D:2)
  2 spectral adders (D:6)
  2 adder skeletons
  An adder zombie (D:6)
  A worm (D:3)
  9 leopard geckos
  111 orcs
  6 bats
  6 giant cockroaches
  5 goblins
  3 hobgoblins
  7 jackals
  32 kobolds
  7 quokkas
  2 ball pythons
  5 frilled lizards
  2 quokka skeletons
  12 rats
  5 plants
  6 tentacles (Shoals:2)
  A withered plant (Gauntlet)
814 creatures vanquished.

Vanquished Creatures (others)
  2 slaves (D:9)
  3 orc wizards (D:9)
  3 orcs
  5 demonic plants (Gauntlet)
  10 plants
  28 tentacles (Shoals:2)
  5 withered plants (Gauntlet)
56 creatures vanquished.

Grand Total: 870 creatures vanquished

Notes
Turn   | Place    | Note
-------+----------+-------------------------------------------
     0 | D:1      | Peloso the Minotaur Fighter began the quest for the Orb.
     0 | D:1      | Reached XP level 1. HP: 19/19 MP: 0/0
   409 | D:1      | Reached XP level 2. HP: 27/27 MP: 1/1
  1094 | D:2      | Noticed Jessica
  1104 | D:2      | Reached XP level 3. HP: 32/33 MP: 2/2
  1130 | D:2      | Killed Jessica
  1130 | D:2      | Reached skill level 4 in Shields
  1535 | D:2      | Reached XP level 4. HP: 40/40 MP: 3/3
  1733 | D:3      | Found a shimmering blue altar of Sif Muna.
  2609 | D:4      | Reached XP level 5. HP: 26/47 MP: 4/4
  2773 | D:4      | Found Decogistred's Magic Scroll Emporium.
  2781 | D:4      | Bought a scroll of enchant weapon for 75 gold pieces
  2781 | D:4      | Bought a scroll of remove curse for 30 gold pieces
  3137 | D:4      | Found Joomule's Distillery.
  3314 | D:5      | Entered Level 5 of the Dungeon
  3316 | D:5      | Reached skill level 5 in Shields
  3361 | D:5      | Noticed a sky beast
  3379 | D:5      | Killed a sky beast
  3379 | D:5      | Reached skill level 5 in Armour
  3379 | D:5      | Reached XP level 6. HP: 34/55 MP: 5/5
  3570 | D:5      | Reached skill level 5 in Fighting
  3786 | D:5      | Found a sacrificial altar of Ru.
  3806 | D:5      | Reached skill level 5 in Long Blades
  3843 | D:5      | Reached skill level 1 in Dodging
  4209 | D:6      | Reached XP level 7. HP: 55/61 MP: 6/6
  4436 | D:6      | Found an opulent altar of Gozag.
  4489 | D:6      | Found a staircase to the Ecumenical Temple.
  4501 | Temple   | Entered the Ecumenical Temple
  4554 | Temple   | Became a worshipper of Warmaster Okawaru
  4613 | D:6      | Found a transporter.
  4614 | D:6      | Noticed a wraith
  4623 | D:6      | Noticed MordorOrchid's ghost (novice OpIE)
  4632 | D:6      | Found a transporter.
  4842 | D:6      | You fall into a shaft and drop 1 floor!
  4844 | D:7      | Noticed Joseph
  4852 | D:7      | Killed Joseph
  4852 | D:7      | Reached skill level 6 in Shields
  4852 | D:7      | Reached XP level 8. HP: 62/70 MP: 7/7
  4855 | D:7      | Noticed a hippogriff
  4863 | D:7      | Killed a hippogriff
  4863 | D:7      | Reached * piety under Okawaru
  5463 | D:7      | Found a stormy altar of Qazlal.
  5478 | D:6      | Reached skill level 7 in Shields
  6185 | D:7      | Reached XP level 9. HP: 78/78 MP: 8/8
  6339 | D:7      | Found a shadowy altar of Dithmenos.
  6522 | D:8      | Noticed a two-headed ogre
  6532 | D:8      | Reached ** piety under Okawaru
  6532 | D:8      | Reached skill level 8 in Shields
  6537 | D:8      | Killed a two-headed ogre
  6537 | D:8      | Reached skill level 10 in Long Blades
  6606 | D:8      | Reached skill level 9 in Shields
  6875 | D:8      | Found a shattered altar of Ashenzari.
  7098 | D:9      | Found Feykekun's Magic Scroll Boutique.
  7098 | D:9      | Found Xoumyng's Food Shoppe.
  7100 | D:9      | Noticed Pikel
  7118 | D:8      | Killed Pikel
  7118 | D:8      | Reached *** piety under Okawaru
  7118 | D:8      | Reached XP level 10. HP: 29/88 MP: 9/9
  7388 | D:9      | Bought a scroll of magic mapping for 52 gold pieces
  7388 | D:9      | Bought a scroll of magic mapping for 52 gold pieces
  7492 | D:9      | Found Tycloaph's Food Shop.
  7662 | D:9      | Found a staircase to the Lair.
  7786 | D:9      | Noticed a two-headed ogre
  7806 | D:9      | Killed a two-headed ogre
  7806 | D:9      | Reached skill level 10 in Shields
  7815 | D:9      | Reached **** piety under Okawaru
  8439 | D:10     | Entered Level 10 of the Dungeon
  8605 | D:10     | Found a staircase to the Orcish Mines.
  8888 | D:10     | Reached ***** piety under Okawaru
  9767 | D:6      | Killed MordorOrchid's ghost
  9767 | D:6      | Reached XP level 11. HP: 76/97 MP: 10/10
  9922 | D:4      | Bought a scroll of fog for 20 gold pieces
  9922 | D:4      | Bought a scroll of random uselessness for 10 gold pieces
  9922 | D:4      | Bought a scroll of fear for 35 gold pieces
  9922 | D:4      | Bought a scroll of immolation for 35 gold pieces
 10191 | D:11     | Noticed a death knight
 10225 | D:11     | Reached skill level 1 in Invocations
 10253 | D:11     | Found Hoxiog Ibbi's Distillery.
 10377 | D:11     | Killed a death knight
 10377 | D:11     | Reached skill level 10 in Armour
 10377 | D:11     | Reached skill level 11 in Shields
 10687 | D:11     | Found Amyuczum's Jewellery Emporium.
 10689 | D:11     | Found Pidghem's Distillery.
 10690 | D:11     | Found Micisash's General Store.
 11161 | D:11     | Noticed a skeletal warrior
 11161 | D:11     | Noticed a skeletal warrior
 11183 | D:11     | Killed a skeletal warrior
 11201 | D:11     | Killed a skeletal warrior
 11201 | D:11     | Received a gift from Okawaru
 11201 | D:11     | Reached skill level 1 in Stealth
 11504 | D:11     | Noticed a skeletal warrior
 11504 | D:11     | Noticed a skeletal warrior
 11520 | D:11     | Killed a skeletal warrior
 11528 | D:11     | Killed a skeletal warrior
 11985 | Lair:1   | Entered Level 1 of the Lair of Beasts
 12158 | Lair:1   | Noticed Harold
 12175 | Lair:1   | Killed Harold
 12175 | Lair:1   | Reached skill level 12 in Shields
 12420 | Lair:1   | Got a smoking chain mail
 12431 | Lair:1   | Identified the +11 chain mail of the Iron City of Dis
                  | {rPois rN+ Int+5 Dex-3} (You found it on level 1 of the
                  | Lair of Beasts)
 13196 | Lair:2   | Reached skill level 10 in Fighting
 13214 | Lair:2   | Reached XP level 12. HP: 96/106 MP: 12/12
 13348 | Lair:2   | Noticed a death yak
 13349 | Lair:2   | Noticed a death yak
 13350 | Lair:2   | Noticed a death yak
 13376 | Lair:2   | Killed a death yak
 13380 | Lair:2   | Killed a death yak
 13389 | Lair:2   | Killed a death yak
 13674 | Lair:2   | Found a staircase to the Shoals.
 13680 | Lair:2   | Reached ****** piety under Okawaru
 14016 | Lair:2   | Found a staircase to the Snake Pit.
 14727 | Lair:3   | Received a gift from Okawaru
 14904 | Lair:3   | Noticed a death yak
 14906 | Lair:3   | Noticed a death yak
 14930 | Lair:3   | Killed a death yak
 14930 | Lair:3   | Reached skill level 13 in Shields
 14937 | Lair:3   | Killed a death yak
 15192 | Lair:3   | Noticed a six-headed hydra
 15202 | Lair:3   | Killed a six-headed hydra
 15826 | Orc:1    | Entered Level 1 of the Orcish Mines
 15894 | Orc:1    | Found a transporter.
 16013 | Orc:1    | Found a dark tunnel.
 16046 | Volcano  | Entered a volcano
 16372 | Volcano  | Reached XP level 13. HP: 100/116 MP: 11/13
 16608 | Volcano  | Reached skill level 14 in Shields
 16682 | Volcano  | Noticed a fire dragon
 16696 | Volcano  | Received a gift from Okawaru
 16709 | Volcano  | Killed a fire dragon
 17337 | Orc:1    | Noticed an orc warlord
 17412 | Orc:1    | Killed an orc warlord
 17754 | Orc:1    | Found a one-way gate to the infinite horrors of the Abyss.
 17754 | Orc:1    | Noticed jeanjacques's ghost (novice DDBe)
 17806 | Orc:1    | Found a transporter.
 17854 | Orc:1    | Identified the cursed +1 scimitar of Wounding {distort,
                  | *Slow +Blink rElec Str+3}
 18012 | Orc:2    | Entered Level 2 of the Orcish Mines
 18062 | Orc:2    | Reached skill level 15 in Shields
 18069 | Orc:2    | Found a gate leading to a gauntlet.
 18081 | Gauntlet | Entered a Gauntlet
 18081 | Gauntlet | Found a transporter.
 18095 | Gauntlet | Found a transporter.
 18105 | Gauntlet | Found a transporter.
 18110 | Gauntlet | Found a transporter.
 18124 | Gauntlet | Noticed a blizzard demon
 18125 | Gauntlet | Found a transporter.
 18144 | Gauntlet | Found a transporter.
 18168 | Gauntlet | Found a large runed translucent door.
 18169 | Gauntlet | Found a large runed translucent door.
 18170 | Gauntlet | Found a large runed translucent door.
 18170 | Gauntlet | Found a large runed translucent door.
 18171 | Gauntlet | Found a runed translucent gate.
 18172 | Gauntlet | Found a transporter.
 18172 | Gauntlet | Found a runed translucent gate.
 18173 | Gauntlet | Found a runed translucent gate.
 18173 | Gauntlet | Found a large runed translucent door.
 18173 | Gauntlet | Found a large runed translucent door.
 18173 | Gauntlet | Found a runed translucent door.
 18173 | Gauntlet | Found a runed translucent door.
 18174 | Gauntlet | Found a large runed translucent door.
 18175 | Gauntlet | Found a large runed translucent door.
 18177 | Gauntlet | Found a transporter.
 18179 | Gauntlet | Found a transporter.
 18188 | Gauntlet | Found a large runed translucent door.
 18188 | Gauntlet | Found a large runed translucent door.
 18189 | Gauntlet | Found a large runed translucent door.
 18190 | Gauntlet | Found a large runed translucent door.
 18198 | Gauntlet | Found a transporter.
 18198 | Gauntlet | Noticed a blizzard demon
 18199 | Gauntlet | Found a large runed translucent door.
 18199 | Gauntlet | Found a large runed translucent door.
 18200 | Gauntlet | Found a large runed translucent door.
 18201 | Gauntlet | Found a large runed translucent door.
 18203 | Gauntlet | Found a transporter.
 18222 | Gauntlet | Found a transporter.
 18228 | Gauntlet | Found a transporter.
 18230 | Gauntlet | Found a transporter.
 18251 | Gauntlet | Found a transporter.
 18251 | Gauntlet | Noticed a green death
 18257 | Gauntlet | Found a transporter.
 18308 | Gauntlet | Found a transporter.
 18335 | Gauntlet | Found a transporter.
 18489 | Gauntlet | Got a shimmering bone ring
 18493 | Gauntlet | Identified the ring "Qucaenah" {MP+9 SInv} (You found it in
                  | a Gauntlet)
 19190 | Gauntlet | Identified the +4 trident "Guxziph" {freeze, rElec Dex+4}
 19190 | Gauntlet | Noticed a minotaur
 19210 | Gauntlet | Killed a minotaur
 19217 | Gauntlet | Identified Lakhloa's Guide on Orientation
 19220 | Gauntlet | Identified the Collected Works on the Dark Compass
 19264 | Gauntlet | Got a scorched quarterstaff
 19265 | Gauntlet | Identified the +3 quarterstaff of the Evening {venom,
                  | Int+6} (You found it in a Gauntlet)
 19518 | Orc:2    | Noticed Nessos
 19531 | Orc:2    | Killed Nessos
 19531 | Orc:2    | Received a gift from Okawaru
 19865 | Orc:2    | Found Gehuelie's General Store.
 19873 | Orc:2    | Found Beseof's General Store.
 20123 | Orc:2    | Reached skill level 16 in Shields
 20182 | Orc:2    | Found a staircase to the Elven Halls.
 20187 | Orc:2    | Found a radiant altar of Vehumet.
 20265 | Orc:2    | Bought a scroll of identify for 26 gold pieces
 20277 | Orc:2    | Bought a scroll of identify for 28 gold pieces
 20277 | Orc:2    | Bought a potion of mutation for 112 gold pieces
 20325 | Orc:2    | Found a roughly hewn altar of Beogh.
 20336 | Orc:2    | Found Udgheoh's Gadget Shop.
 20336 | Orc:2    | Found Tisido's Assorted Antiques.
 20438 | Orc:2    | Reached skill level 5 in Dodging
 20458 | Orc:2    | Bought the +4 Cigotuvi's embrace {rRot *Drain rN+} for 524
                  | gold pieces
 20458 | Orc:2    | Found the +4 Cigotuvi's embrace {rRot *Drain rN+}
 20467 | Orc:2    | Bought a wand of digging (7) for 330 gold pieces
 20594 | Orc:2    | Noticed Rupert
 20606 | Orc:2    | Paralysed by Rupert for 3 turns
 20626 | Orc:2    | Killed Rupert
 20626 | Orc:2    | Received a gift from Okawaru
 20626 | Orc:2    | Reached XP level 14. HP: 90/125 MP: 13/15
 20640 | Orc:2    | Got ancient steam dragon scales {god gift}
 20657 | Orc:2    | Identified the +0 steam dragon scales of Qusecroe {rElec
                  | Regen+ Dex-4} (Okawaru gifted it to you on level 2 of the
                  | Orcish Mines)
 22364 | Lair:5   | Reached skill level 17 in Shields
 22488 | Lair:5   | Reached skill level 15 in Long Blades
 23144 | Lair:6   | Entered Level 6 of the Lair of Beasts
 23367 | Lair:6   | Found a staircase to the Slime Pits.
 23367 | Lair:6   | Found a viscous altar of Jiyva.
 23791 | Lair:6   | Received a gift from Okawaru
 24160 | Lair:6   | Reached skill level 18 in Shields
 24413 | D:12     | Noticed Maurice
 24430 | D:12     | Killed Maurice
 25814 | D:13     | Reached skill level 1 in Evocations
 25903 | D:13     | Noticed Erolcha
 25927 | D:13     | Killed Erolcha
 26530 | D:13     | Reached XP level 15. HP: 129/135 MP: 14/16
 26642 | D:13     | Received a gift from Okawaru
 26689 | D:13     | Found a gate to the Vaults.
 26998 | D:14     | Noticed Jorgrun
 27041 | D:14     | Killed Jorgrun
 27041 | D:14     | Reached skill level 19 in Shields
 27780 | D:14     | Found a basalt altar of Yredelemnul.
 28722 | D:15     | Entered Level 15 of the Dungeon
 28938 | D:15     | Found a staircase to the Depths.
 29099 | D:15     | Found an iron altar of Okawaru.
 29277 | D:15     | Found Ehituis's Food Boutique.
 29987 | Shoals:1 | Entered Level 1 of the Shoals
 30224 | Shoals:1 | Reached skill level 20 in Shields
 30226 | Shoals:1 | Noticed Josephine
 30250 | Shoals:1 | Killed Josephine
 30527 | Shoals:1 | Received a gift from Okawaru
 30552 | Shoals:1 | Got a crude kite shield {god gift}
 30558 | Shoals:1 | Identified the +3 kite shield "Unaum" {*Drain rN+ Str+5}
                  | (Okawaru gifted it to you on level 1 of the Shoals)
 31390 | Shoals:2 | Noticed a kraken
 31405 | Shoals:2 | Killed a kraken
 31474 | Shoals:2 | Noticed a kraken
 31507 | Shoals:2 | Killed a kraken
 31507 | Shoals:2 | Reached XP level 16. HP: 39/145 MP: 17/17
 31658 | Shoals:2 | Noticed a kraken
 31687 | Shoals:2 | Killed a kraken
 31792 | Shoals:2 | Noticed a kraken
 31813 | Shoals:2 | Killed a kraken
 32376 | Shoals:3 | Reached skill level 21 in Shields
 32427 | Shoals:3 | HP: 7/146 [faun/+0 quarterstaff[a satyr] (15)]
 32879 | Shoals:3 | Received a gift from Okawaru
 32957 | Shoals:3 | Noticed Bai Suzhen
 32982 | Shoals:3 | Killed from afar by Bai Suzhen

Illustrated notes

Levels and vault maps discovered:
D:1:      dpeg_arrival_leaves_temple_mockup, layout_loops_corners
D:2:      layout_loops_cross, uniq_jessica
D:3:      layout_basic, old_standard_altar
D:4:      layout_cave_pools, serial_shops, shop, shop
D:5:      cheibrodos_quashed, layout_rooms, nicolae_ru_sacrificial_ziggurat,
          first_ration, serial_curves, eino_curves_02, eino_curves_03
D:6:      layout_cave_pods, minmay_temple_entry_grid, gammafunk_ghost_mausoleum,
          grunt_gozag_breadcrumbs
D:7:      layout_rooms, nicolae_qazlal_general_emergency, lemuel_round_altar,
          uniq_joseph
D:8:      layout_rooms, evilmike_ruin_ashenzari
D:9:      layout_loops_cross, lair_entry_dummy, serial_shops, shop,
          nicolae_shop_trees, shop, hangedman_pestilent_swarm, uniq_pikel
D:10:     layout_long_grid, david_orc_3, st_stairs_7, hex_medium, hex_tiny,
          minmay_misc_feat_encased
D:11:     layout_stronghold, kennysheep_donut, minmay_shop_grid_forest
D:12:     layout_gridville, uniq_maurice
D:13:     layout_roguey, grunt_vaults_entry_tiered, uniq_erolcha
D:14:     layout_basic, yredelemnul_altar_generic, uniq_jorgrun
D:15:     hangedman_depths_entry_try_elsewhere_first, layout_cave_pods,
          okawaru_ov_weapons_minmay, serial_shops, nicolae_shop_trees
Temple:   minmay_crystal_spiral_temple
Lair:1:   layout_regular_city, serial_bayou_shore_a, uniq_harold
Lair:2:   layout_cave_pods, elwin_shoals_entry_rooms,
          minmay_snake_entry_guardpost_medium, serial_bayou_pond_d,
          serial_bayou_lake_a
Lair:3:   layout_regular_city, cheibrodos_lair_reptile_den
Lair:4:   layout_cave_pods, chequers_serial_rivers_small_3,
          chequers_serial_rivers_micro_a, serial_bayou_pond_a,
          grunt_megastairs_5, infiniplex_staircase_pool_2
Lair:5:   layout_regular_city, lemuel_fruit_fields
Lair:6:   grunt_lair_end_beastmaster, layout_small_grid, slime_altar_1,
          uniq_snorg
Shoals:1: layout_shoals, uniq_josephine
Shoals:2: layout_shoals, nicolae_shoals_kraken_party
Shoals:3: layout_shoals, nicolae_shoals_undead_eyrie, uniq_bai_suzhen
Orc:1:    layout_caves, gammafunk_ghost_abyssal_escape,
          nicolae_volcano_entry_vermiform
Orc:2:    st_orc_town, layout_caves, basic_altar, gauntlet_entry_generic,
          uniq_nessos, uniq_rupert

Skill      XL: |  1  2  3  4  5  6  7  8  9 10 11 12 13 14 15 16 |
---------------+-------------------------------------------------+-----
Armour         | 4 5 6 7 8 9 11 12 13 14 | 14.2
Fighting       | 4 5 6 7 9 10 11 13 14 | 14.0
Long Blades    | 3 4 5 7 8 10 12 13 14 15 16 | 16.0
Shields        | 4 5 6 7 9 10 12 13 16 18 20 21 | 21.2
Dodging        | 1 2 4 5 6 |  6.4
Invocations    | 1 2 3 |  3.8
Stealth        | 1 2 |  2.3
Evocations     | 1 |  1.2
Short Blades   | |  0.3

Action                   |  1- 3 |  4- 6 |  7- 9 | 10-12 | 13-15 | 16-18 || total
-------------------------+-------+-------+-------+-------+-------+-------++-------
Melee: Long sword        |    91 |   154 |   300 |   841 |    89 |       ||  1475
       Headbutt          |     8 |    25 |    78 |   221 |   748 |    77 ||  1157
       Dagger            |       |       |       |     8 |       |       ||     8
       Falchion          |       |       |       |       |  1704 |   101 ||  1805
       Scimitar          |       |       |       |       |   296 |   134 ||   430
Invok: Heroism           |       |       |     1 |    17 |    35 |     6 ||    59
Evoke: Wand              |       |       |     3 |       |    13 |       ||    16
  Use: Scroll            |       |     5 |     3 |    10 |    13 |     2 ||    33
       Potion            |       |       |       |     1 |     7 |     4 ||    12
  Eat: Chunk             |     2 |     8 |    10 |    29 |    36 |     6 ||    91
       Ration            |       |       |       |     1 |     4 |       ||     5
Armor: Scale mail        |    20 |       |       |       |       |       ||    20
       Plate armour      |    42 |    63 |   117 |    88 |     5 |       ||   315
       Crystal plate arm |       |       |       |    30 |       |       ||    30
       Chain mail        |       |       |       |   140 |   419 |   208 ||   767
Dodge: Dodged            |    27 |    26 |    84 |   257 |   389 |   176 ||   959
Block: Kite shield       |    53 |    83 |   171 |   542 |   261 |       ||  1110
       Tower shield      |       |       |       |       |  1583 |   613 ||  2196
       Reflection        |       |       |       |       |    86 |    47 ||   133
       Rpst.: Long sword |     6 |     8 |    30 |    63 |     5 |       ||   112
       Falchion          |       |       |       |       |    56 |     8 ||    64
       Scimitar          |       |       |       |       |    11 |    19 ||    30
